 Dungeon Crawl Stone Soup version 0.31-a0-1206-g41278d8d1d (webtiles) character file.

Game seed: 13469397766003267896

2310 DApurpleWHUMPUS the Ogre Mage (level 9, -1/88 HPs)
             Began as an Ogre Fire Elementalist on Dec 13, 2023.
             Was a Follower of Sif Muna.
             Slain by a wyvern (14 damage)
             ... on level 7 of the Dungeon.
             The game lasted 00:18:39 (7608 turns).

DApurpleWHUMPUS the Ogre Mage (OgFE)                Turns: 7608, Time: 00:18:40

Health: -1/88      AC:  5    Str: 18 (20) XL:     9   Next: 41%
Magic:  15/22      EV:  9    Int: 14 (16) God:    Sif Muna [*.....]
Gold:   120        SH:  0    Dex: 10      Spells: 18/27 levels left

rFire   + . .        k - +2 long sword (venom)
rCold   . . .        (no shield)
rNeg    + . .        D - +0 robe "Puryqomn" {rN+ Dex-3 Slay+3 Stlth+}
rPois   .            r - +2 hat
rElec   .            (no cloak)
rCorr   .            (gloves unavailable)
SInv    .            (boots unavailable)
Will    .....        (no amulet)
Stlth   +++          F - +6 ring of strength
HPRegen 0.34/turn    w - ring of protection from fire
MPRegen 0.18/turn

%: no passive effects
@: hasted, very quick
A: large, unfitting armour, tough skin 1, deterioration 1
a: Renounce Religion, Channel Magic


You were on level 7 of the Dungeon.
You worshipped Sif Muna.
Sif Muna was aware of your devotion.
You visited 2 branches of the dungeon, and saw 8 of its levels.
You also visited: Ossuary.

You collected 251 gold pieces.
You spent 131 gold pieces at shops.

Inventory:

Hand Weapons
 c - a +2 short sword of protection
 k - a +2 long sword of venom (weapon)
 o - a +4 short sword
 C - a +1 war axe of venom
Armour
 a - a +0 robe
 r - a +2 hat (worn)
 s - a +0 robe
 D - the +0 robe "Puryqomn" (worn) {rN+ Dex-3 Slay+3 Stlth+}
   (You bought it in a shop on level 6 of the Dungeon)

   Dex-3:     It affects your dexterity (-3).
   Slay+3:    It affects your accuracy & damage with ranged weapons and melee
   (+3).
   rN+:       It protects you from negative energy.
   Stlth+:    It makes you more stealthy.
Jewellery
 g - a ring of positive energy
 h - a ring of resist corrosion
 w - a ring of protection from fire (right hand)
 F - a +6 ring of strength (left hand)
 H - a ring of flight
Wands
 i - a wand of paralysis (12)
 l - a wand of iceblast (15)
Scrolls
 e - 3 scrolls of teleportation
 f - a scroll of fog
 m - 2 scrolls of torment
 u - 3 scrolls of identify
 x - a scroll of poison {unknown}
 y - a scroll of revelation
 z - 3 scrolls of vulnerability {unknown}
 A - a scroll of noise {unknown}
 B - a scroll of fear {unknown}
 E - 2 scrolls of enchant weapon {unknown}
Potions
 b - a potion of magic
 d - 5 potions of curing
 j - 2 potions of invisibility
 p - a potion of haste
 q - a potion of brilliance
 t - a potion of might
 v - 3 potions of resistance
 G - a potion of attraction


   Skills:
 - Level 5.0 Fighting
 - Level 1.7 Dodging
 - Level 1.4 Stealth
 + Level 9.8 Spellcasting
 - Level 0.8 Conjurations
 - Level 6.3 Fire Magic
 + Level 3.9 Poison Magic


You had 18 spell levels left.
You knew the following spells:

 Your Spells              Type           Power      Damage    Failure   Level
a - Foxfire               Conj/Fire      64%        2x1d7     2%          1
b - Scorch                Fire           48%        2d7       1%          2
c - Inner Flame           Hex/Fire       15%        N/A       9%          3
d - Ignite Poison         Fire/Tmut/Pois 16%        N/A       8%          3

Your spell library contained the following spells:

 Spells                   Type           Power      Damage    Failure   Level
 Volatile Blastmotes      Fire/Tloc      30%        2d12      9%          3
 Sandblast                Erth           12%        2d6       11%         1
 Blink                    Tloc           12%        N/A       16%         2
 Passwall                 Tmut/Erth      5%         N/A       16%         2
 Wereblood                Tmut           6%         N/A       16%         2
 Flame Wave               Conj/Fire      16%        2d7       24%         4
 Dazzling Flash           Conj/Hex       16%        N/A       26%         3
 Stone Arrow              Conj/Erth      16%        3d8       26%         3
 Call Canine Familiar     Summ           6%         N/A       32%         3
 Frozen Ramparts          Ice            12%        1d2       32%         3
 Sigil of Binding         Hex            6%         N/A       32%         3
 Brom's Barrelling Bould  Conj/Erth      8%         2d3       65%         4
 Dimensional Bullseye     Hex/Tloc       3%         N/A       71%         4
 Leda's Liquefaction      Hex/Erth       3%         N/A       71%         4
 Petrify                  Tmut/Erth      6%         N/A       71%         4
 Irradiate                Conj/Tmut      4%         3d13      94%         5
 Metabolic Englaciation   Hex/Ice        3%         N/A       96%         5
 Starburst                Conj/Fire      8%         6d4       98%         6
 Maxwell's Capacitive Co  Air            3%         ∞         100%        8


Dungeon Overview and Level Annotations

Branches:
Dungeon (7/15)             Temple (1/1) D:5         Ossuary (visited)

Altars:
Ashenzari
Dithmenos
Elyvilon
Fedhas
Gozag
Hepliaklqana
Kikubaaqudgha
Makhleb
Nemelex Xobeh
Okawaru
Qazlal
Ru
Sif Muna
Trog
Uskayaw
Vehumet
Wu Jian
Xom
Yredelemnul
Zin
The Shining One

Shops:
D:6 *

Annotations:
D:3 4 runed translucent doors, Crazy Yiuf; LeprechaunX's ghost, weakling OpSh; bmb222's ghost, amateur OpSh


Innate Abilities, Weirdness & Mutations

You are too large for most types of armour.
You have tough skin. (AC +1)
Your body sometimes deteriorates upon taking damage.


Message History

The wyvern bites you!
You barely miss the wyvern.
The wyvern is heavily wounded.
The wyvern bites you but does no damage.
The wyvern bites you!
* * * LOW HITPOINT WARNING * * *
Your body deteriorates!
You feel weakened.
Casting: Foxfire (safe; 2% risk of failure)
Confirm with . or Enter, or press ? or * to list all spells.
You conjure some foxfire!
The wyvern bites you but does no damage.
The wyvern barely misses you.
Casting: Foxfire (safe; 2% risk of failure)
Confirm with . or Enter, or press ? or * to list all spells.
Flames lash the wyvern.
The wyvern is severely wounded.
The wyvern's fire resistance burns away.
The foxfire hits the wyvern but does no damage.
The wyvern is severely wounded.
The foxfire hits the wyvern but does no damage.
The wyvern is severely wounded.
The wyvern bites you!
* * * LOW HITPOINT WARNING * * *
You feel much better.
The wyvern bites you but does no damage.
The wyvern bites you!
* * * LOW HITPOINT WARNING * * *
Your magical contamination has completely faded away.
You feel much better. The wyvern bites you!
Your body deteriorates!
You feel dopey.
Casting: Scorch (safe; 1% risk of failure)
Confirm with . or Enter, or press ? or * to list all spells.
Okay, then.
Okay, then.
You feel yourself speed up. The wyvern closely misses you.
The wyvern bites you!
* * * LOW HITPOINT WARNING * * *
Your body deteriorates!
You feel weakened. The wyvern attacks as it pursues you! The wyvern bites you!
You die...

........#......)##.#.####........
........#.#......).#......##.....
........#.#........#...#...#.....
........#.....##...#...##........
.......................##.##>.###
......................#..........
......................#......#...
...#####..............#......#...
...+ .......k@...###......#...
...# ............# #......####
... ........>...# #......####
............# #......#...
.........(..# #......#.##
############# #......#.##
#.####.#.# #.# #.#.## #.####.....


You could see a wyvern (combustible).

Vanquished Creatures
  Eustachio (D:4)
  Menkaure (D:7)
  A water moccasin (D:7)
  2 sky beasts
  2 ice beasts (D:6)
  2 phantoms
  Blork the orc (D:4)
  5 water moccasin zombies (Ossuary)
  5 scorpions
  An orc priest (D:7)
  2 jellies
  6 hounds
  2 iguanas (D:5)
  A spectral scorpion (Ossuary)
  Ijyb (D:4)
  6 orc wizards
  Natasha (D:2)
  A crocodile zombie (Ossuary)
  A bullfrog simulacrum (Ossuary)
  2 mummies (Ossuary)
  A gnoll (D:3)
  5 adders
  A shadow imp (D:5)
  A white imp (D:7)
  3 adder zombies (Ossuary)
  4 dart slugs
  2 worms
  12 orcs
  5 ball pythons
  6 bats
  4 endoplasms
  A giant cockroach (D:3)
  5 gnoll zombies (Ossuary)
  4 goblins
  6 hobgoblins
  11 kobolds
  3 quokkas
  3 frilled lizards
  4 hobgoblin zombies (Ossuary)
  8 kobold zombies (Ossuary)
  3 orc zombies (Ossuary)
  5 rats
141 creatures vanquished.

Vanquished Creatures (collateral kills)
  10 foxfires
10 creatures vanquished.

Vanquished Creatures (others)
  A human (D:5)
  A quokka (D:4)
  341 foxfires
343 creatures vanquished.

Grand Total: 494 creatures vanquished

Notes
Turn   | Place    | Note
-------+----------+-------------------------------------------
     0 | D:1      | DApurpleWHUMPUS the Ogre Fire Elementalist began the quest
                  | for the Orb.
     0 | D:1      | Reached XP level 1. HP: 16/16 MP: 3/3
   145 | D:1      | Reached skill level 1 in Fighting
   145 | D:1      | Reached XP level 2. HP: 27/27 MP: 2/5
   150 | D:1      | Reached skill level 3 in Spellcasting
   442 | D:1      | Learned a level 2 spell: Scorch
   697 | D:2      | Reached XP level 3. HP: 25/35 MP: 1/8
  1304 | D:2      | Noticed Natasha
  1316 | D:2      | Killed Natasha
  1317 | D:2      | Reached skill level 4 in Spellcasting
  1546 | D:3      | Reached XP level 4. HP: 44/44 MP: 8/10
  1772 | D:3      | Found a runed translucent gate.
  1773 | D:3      | Found a runed translucent gate.
  1773 | D:3      | Found a runed translucent gate.
  1774 | D:3      | Noticed LeprechaunX's ghost (weakling OpSh)
  1774 | D:3      | Noticed bmb222's ghost (amateur OpSh)
  1774 | D:3      | Noticed bmb222's ghost (amateur OpSh)
  1815 | D:3      | Found a broken altar of Ashenzari.
  1822 | D:3      | Reached XP level 5. HP: 16/53 MP: 1/12
  2108 | D:3      | Reached skill level 5 in Spellcasting
  2485 | D:3      | Found a glowing silver altar of Zin.
  2486 | D:3      | Found a sacrificial altar of Ru.
  2486 | D:3      | Found a shadowy altar of Dithmenos.
  2651 | D:3      | Found a runed translucent door.
  2652 | D:3      | Noticed Crazy Yiuf
  2836 | D:4      | Noticed Ijyb
  2864 | D:4      | Killed Ijyb
  3202 | D:4      | Found a white marble altar of Elyvilon.
  3225 | D:4      | Reached XP level 6. HP: 26/62 MP: 0/14
  3377 | D:4      | Found a sand-covered staircase.
  3405 | Ossuary  | Entered an ossuary
  3447 | Ossuary  | Reached skill level 6 in Spellcasting
  3470 | Ossuary  | Gained mutation: Your body sometimes deteriorates upon
                  | taking damage. [potion of mutation]
  3659 | Ossuary  | Reached skill level 5 in Fighting
  3659 | Ossuary  | Reached XP level 7. HP: 67/72 MP: 5/17
  3799 | Ossuary  | Reached skill level 7 in Spellcasting
  4491 | D:4      | Learned a level 3 spell: Inner Flame
  4560 | D:4      | Noticed Eustachio
  4579 | D:4      | Killed Eustachio
  4580 | D:4      | Reached XP level 8. HP: 80/80 MP: 7/19
  4707 | D:4      | Noticed Blork the orc
  4719 | D:4      | Killed Blork the orc
  4801 | D:5      | Entered Level 5 of the Dungeon
  4874 | D:5      | Reached skill level 5 in Fire Magic
  5192 | D:5      | Found a staircase to the Ecumenical Temple.
  5211 | Temple   | Entered the Ecumenical Temple
  5230 | Temple   | Became a worshipper of Sif Muna the Loreminder
  5360 | D:5      | Got the Catalogue of Topological Transfiguration
  5469 | D:5      | Reached skill level 8 in Spellcasting
  5881 | D:5      | Found an ancient bone altar of Kikubaaqudgha.
  6279 | D:6      | Found Emapheag's Assorted Antiques.
  6286 | D:6      | Learned a level 3 spell: Ignite Poison
  6287 | D:6      | Bought a pitted robe for 131 gold pieces
  6287 | D:6      | Identified the +0 robe "Puryqomn" {rN+ Dex-3 Slay+3 Stlth+}
                  | (You bought it in a shop on level 6 of the Dungeon)
  6324 | D:6      | Found a stormy altar of Qazlal.
  6333 | D:6      | Reached skill level 1 in Poison Magic
  6593 | D:6      | Reached XP level 9. HP: 73/88 MP: 18/21
  6607 | D:6      | Reached skill level 9 in Spellcasting
  7184 | D:7      | Noticed Menkaure
  7192 | D:7      | Killed Menkaure
  7511 | D:7      | Reached * piety under Sif Muna
  7540 | D:7      | Found a shimmering altar of Xom.
  7608 | D:7      | Slain by a wyvern

Illustrated notes

Levels and vault maps discovered:
D:1:      dpeg_arrival_orchard, layout_rooms, patterned_corridor
D:2:      layout_basic, bh_walls_and_bars, uniq_natasha
D:3:      layout_loops_ring, mainiacjoe_overflow_concentric_impassable,
          chequers_temple_overflow_statue_of_worship, gammafunk_ghost_cemetery,
          serial_bayou_pond_b, palyth_stone_intersect, roderic_lattice_a,
          cheibrodos_gnoll_hut, uniq_crazy_yiuf_cottage
D:4:      layout_loops_ring, elyvilon_altar_4, nicolae_ossuary_entry_ruins,
          uniq_eustachio, uniq_blork_the_orc, uniq_ijyb
D:5:      layout_loops_ring, tgw_kikubaaqudgha,
          minmay_temple_entry_drinking_statues
D:6:      layout_rooms, mainiacjoe_overflow_boulevard, serial_shops,
          nicolae_shop_window_shopping, minmay_holes
D:7:      layout_basic, mainiacjoe_overflow_brackets, uniq_menkaure
Temple:   compressed_dpeg_triangle_lava_temple

Skill      XL: |  1  2  3  4  5  6  7  8  9 |
---------------+----------------------------+-----
Fighting       | 1 2 3 4 5 |  5.0
Spellcasting   | 3 4 5 6 7 8 9 |  9.8
Fire Magic     | 4 6 |  6.3
Poison Magic   | 2 3 |  3.9
Dodging        | |  1.7
Stealth        | |  1.4
Conjurations   | |  0.8

Action                     |  1- 3 |  4- 6 |  7- 9 || total
---------------------------+-------+-------+-------++-------
  Melee: Unarmed           |    13 |       |       ||    13
         Short sword       |    40 |   152 |    44 ||   236
         Punch             |       |     1 |     4 ||     5
         Long sword        |       |       |    89 ||    89
   Cast: Foxfire           |    39 |    84 |    89 ||   212
         Scorch            |     2 |    15 |    52 ||    69
  Evoke: Wand              |       |       |     1 ||     1
    Use: Potion            |       |     4 |     5 ||     9
         Scroll            |       |       |     8 ||     8
   Stab: Invisible         |       |     2 |       ||     2
         Paralysed         |       |       |     4 ||     4
 Armour: Robe              |    24 |   136 |   157 ||   317
  Dodge: Dodged            |    30 |   115 |    81 ||   226

Table legend: (Time is in decaauts)
 A = Elapsed time spent in this place.
 B = Non-inter-level travel time spent in this place.
 C = Inter-level travel time spent in this place.
 D = Time resting spent in this place.
 E = Time spent auto-exploring this place.
 F = Levels seen in this place.
 G = Mean time per level.
                   A        B        C        D        E       F      G
               +--------+--------+--------+--------+--------+-----+--------+
         Total |   7646 |   7389 |    257 |   1227 |   4675 |   9 |  849.6 |
       Dungeon |   6828 |   6571 |    257 |    758 |   4669 |   7 |  975.4 |
        Temple |     36 |     36 |      0 |      0 |      0 |   1 |   36.0 |
       Ossuary |    781 |    781 |      0 |    469 |      6 |   1 |  781.0 |
               +--------+--------+--------+--------+--------+-----+--------+

Top non-repeatable levels by time:
     D:5: 1398 daAuts
     D:3: 1334 daAuts
     D:4: 1187 daAuts
     D:2: 980 daAuts
     D:6: 850 daAuts
 Ossuary: 781 daAuts
     D:7: 552 daAuts
     D:1: 525 daAuts
  Temple: 36 daAuts
